 Dungeon Crawl Stone Soup version 0.32-a0-42-ga30500b4d3 (webtiles) character file.

Game seed: 16792247410258157330

33 Newt the Trooper (level 3, 0/24 HPs)
             Began as a Gargoyle Fighter on Jan 31, 2024.
             Killed from afar by Natasha (5 damage)
             ... with a magic dart
             ... on level 2 of the Dungeon.
             The game lasted 00:01:00 (851 turns).

Newt the Trooper (Gargoyle Fighter)                  Turns: 851, Time: 00:01:01

Health: 0/24       AC: 11    Str: 21    XL:     3   Next: 29%
Magic:  3/3        EV:  9    Int:  8    God:
Gold:   45         SH:  4    Dex:  9    Spells: 2/2 levels left

rFire   . . .        a - +0 flail
rCold   . . .        c - +0 buckler
rNeg    + . .        b - +0 scale mail
rPois   ∞            e - +0 helmet
rElec   +            (no cloak)
rCorr   .            (no gloves)
SInv    .            (no boots)
Will    +....        (no amulet) Stlth
                     h - ring of willpower
HPRegen 0.24/turn    (no ring)
MPRegen 0.08/turn

%: no passive effects
@: mighty
A: sickness immunity, AC +3, negative energy resistance 1, electricity
resistance, torment resistance 1, petrification resistance
a: no special abilities


You were on level 2 of the Dungeon.
You visited 1 branch of the dungeon, and saw 2 of its levels.

You collected 45 gold pieces.

Inventory:

Hand Weapons
 a - a +0 flail (weapon)
Armour
 b - a +0 scale mail (worn)
 c - a +0 buckler (worn)
 e - a +0 helmet (worn)
Jewellery
 g - a ring of ice
 h - a ring of willpower (left hand)


   Skills:
 + Level 3.8 Fighting
 * Level 3.1 Maces & Flails
 - Level 3.2 Armour
 - Level 3.2 Shields


You had 2 spell levels left.
You didn't know any spells.
Your spell library was empty.

Dungeon Overview and Level Annotations

Branches:
Dungeon (2/15)

Altars:

Annotations:
D:2 Natasha


Innate Abilities, Weirdness & Mutations

You are immune to sickness and miasma.
Your stone body is resilient. (AC +3)
You are immune to poison.
You resist negative energy. (rN+)
You are resistant to electric shocks. (rElec)
You are resistant to unholy torment.
You are immune to petrification.


Message History

You barely miss Natasha.
Natasha is moderately wounded.
The cerulean imp hits you from afar with a +1 spear.
Natasha claws you but does no damage. The cerulean imp closely misses you.
You closely miss Natasha.
Natasha is moderately wounded.
Natasha closely misses you. The cerulean imp barely misses you.
You barely miss Natasha.
Natasha is moderately wounded.
Natasha closely misses you.
The cerulean imp hits you from afar with a +1 spear.
Natasha claws you!
You are too injured to fight recklessly!
You are too injured to fight recklessly!
Throw: 2 darts (poison)
Press: ? - help, Q - select action Shift-Dir - straight line, f - Natasha
Aim: Natasha (moderately wounded, 40% to hit)
You throw a poisoned dart. The poisoned dart hits Natasha.
Natasha is moderately wounded.
The cerulean imp hits you but does no damage.
Natasha misses you.
Throw: dart (poison)
Press: ? - help, Q - select action Shift-Dir - straight line, f/p - Natasha
Aim: Natasha (moderately wounded, 40% to hit)
You throw a poisoned dart. The poisoned dart hits Natasha.
Natasha is poisoned.
Natasha is moderately wounded.
Natasha claws you!
* * * LOW HITPOINT WARNING * * *
The cerulean imp barely misses you.
You feel very mighty all of a sudden.
The cerulean imp hits you but does no damage.
Natasha casts a spell at you.
The magic dart hits you but does no damage.
You closely miss Natasha.
Natasha is moderately wounded.
The cerulean imp closely misses you. Natasha casts a spell at you.
The magic dart hits you.
You die...
Natasha begins licking her fur clean.

#....[. #...... #......
#...... #......##
......#######
#######..5.......
........#h.####
...........#@..[.##
##.#............#..#
.................#.#
.....................
##.....##.............
##.......####........##
.........###...........
#........>.......####..
..........###....# #.


You could see Natasha (poisoned) and a cerulean imp (summoned).

Vanquished Creatures
  5 ball pythons
  6 bats (D:1)
  6 endoplasms
  3 goblins (D:1)
  3 hobgoblins
  A kobold (D:1)
  A quokka (D:2)
  2 frilled lizards (D:1)
  2 rats
29 creatures vanquished.

Notes
Turn   | Place    | Note
-------+----------+-------------------------------------------
     0 | D:1      | Newt the Gargoyle Fighter began the quest for the Orb.
     0 | D:1      | Reached XP level 1. HP: 14/14 MP: 1/1
   133 | D:1      | Reached XP level 2. HP: 19/19 MP: 2/2
   380 | D:1      | Reached XP level 3. HP: 20/24 MP: 3/3
   831 | D:2      | Noticed Natasha
   851 | D:2      | Killed from afar by Natasha

Illustrated notes

Levels and vault maps discovered:
D:1:      psy_arrival_fountain, layout_basic, chequers_serial_rivers_small_3
D:2:      layout_rooms, shapermc_ecumenical_altar_totnotflames, uniq_natasha,
          uniq_terence

Skill      XL: |  1  2 |
---------------+-------+-----
Maces & Flails | 3 |  3.1
Fighting       | |  3.8
Armour         | |  3.2
Shields        | |  3.2

Action                     || total
---------------------------++-------
  Melee: Flail             ||    95
  Throw: Dart              ||     2
    Use: Scroll            ||     1
         Potion            ||     1
 Armour: Scale mail        ||    64
  Dodge: Dodged            ||    58
  Block: Buckler           ||    22

Table legend: (Time is in decaauts)
 A = Elapsed time spent in this place.
 B = Non-inter-level travel time spent in this place.
 C = Inter-level travel time spent in this place.
 D = Time resting spent in this place.
 E = Time spent auto-exploring this place.
 F = Levels seen in this place.
 G = Mean time per level.
                   A        B        C        D        E       F      G
               +--------+--------+--------+--------+--------+-----+--------+
         Total |    881 |    852 |     29 |      0 |    636 |   2 |  440.5 |
       Dungeon |    881 |    852 |     29 |      0 |    636 |   2 |  440.5 |
               +--------+--------+--------+--------+--------+-----+--------+

Top non-repeatable levels by time:
     D:1: 731 daAuts
     D:2: 150 daAuts
